[Event "January 2 Late 2024"]
[Site "https://www.chess.com"]
[Date "2024.01.02"]
[Round "4"]
[White "Hernando Rodrigo, Julio Antonio"]
[Black "Bazzano, Sebastian"]
[Result "1/2-1/2"]
[Board "167"]
[TimeControl "180+1"]
[WhiteFideId "2208350"]
[BlackFideId "104566"]
[WhiteElo "2495"]
[BlackElo "2299"]
[WhiteTeam "ESP"]
[BlackTeam "ARG"]
[WhiteClock "0:00:39"]
[BlackClock "0:00:04"]

1. e4 e6 2. d4 d5 3. Nd2 dxe4 4. Nxe4 Bd7 5. Be3 Bc6 6. Ng5 Be7 7. N1f3 Bxf3 8. Qxf3 Bxg5 9. Bxg5 Qxg5 10. Qxb7 Qd5 11. Bb5+ Ke7 12. Qxc7+ Kf6 13. c4 Qe4+ 14. Kf1 Ne7 15. Re1 Qxd4 16. Qb7 Nbc6 17. Bxc6 Qxc4+ 18. Kg1 Qxc6 19. Qb3 Nd5 20. Qf3+ Ke7 21. h3 Rhd8 22. Kh2 Rac8 23. Qe4 g6 24. Qh4+ Nf6 25. Re3 Rd5 26. Rhe1 Qd6+ 27. g3 Rc2 28. Rf3 Rf5 29. Rxf5 gxf5 30. Kg1 Qd2 31. Rf1 Rc1 32. b3 Rxf1+ 33. Kxf1 Qxa2 34. Qb4+ Ke8 35. Qb8+ Ke7 36. Qb4+ Ke8 37. Qb8+ Ke7 38. Qb4+ 1/2-1/2

[Event "January 2 Late 2024"]
[Site "https://www.chess.com"]
[Date "2024.01.02"]
[Round "4"]
[White "Coelho, Ramyres Santana"]
[Black "Garcia Almaguer, Juan Manuel"]
[Result "1/2-1/2"]
[Board "168"]
[TimeControl "180+1"]
[WhiteFideId "2120690"]
[BlackFideId "5110491"]
[WhiteElo "2295"]
[BlackElo "2492"]
[WhiteTeam "BRA"]
[BlackTeam "MEX"]
[WhiteClock "0:00:06"]
[BlackClock "0:00:14"]

1. e4 e5 2. Nf3 Nc6 3. d4 exd4 4. Bc4 Bc5 5. c3 Nf6 6. e5 d5 7. Bb5 Ne4 8. Nxd4 O-O 9. Bxc6 bxc6 10. O-O Bb7 11. f3 Ng5 12. f4 Ne4 13. Nd2 f6 14. Nxe4 dxe4 15. Qb3+ Qd5 16. Qxb7 fxe5 17. fxe5 Bxd4+ 18. cxd4 Qxd4+ 19. Be3 Qxe3+ 20. Kh1 Qb6 21. Qxb6 axb6 22. Rfe1 Ra5 23. Rxe4 Rf2 24. e6 Kf8 25. e7+ Ke8 26. Rd1 Rd5 27. Rde1 g6 28. h4 Rdd2 29. Ra4 Rfe2 30. Rxe2 Rxe2 31. Rc4 c5 32. b4 Kxe7 33. bxc5 bxc5 34. Rxc5 Kd6 35. Ra5 c5 36. Ra6+ Kd5 37. Kh2 c4 38. Ra5+ Kd4 39. Ra7 c3 40. Rd7+ Kc4 41. Rxh7 Re5 42. Rf7 c2 43. Rf1 Kd3 44. g4 Kd2 45. Kg3 Ra5 46. Rf2+ Kd3 47. Rf1 Ra3 48. Kf4 Rxa2 49. Kg5 Ra6 50. h5 gxh5 51. gxh5 Ra5+ 52. Kg6 Ra6+ 53. Kg7 Ra7+ 54. Kg6 Ra6+ 55. Kg7 Rb6 56. Rc1 Rb7+ 57. Kg6 Kd2 58. Rxc2+ Kxc2 59. h6 Kd3 60. h7 Rxh7 61. Kxh7 1/2-1/2

[Event "January 2 Late 2024"]
[Site "https://www.chess.com"]
[Date "2024.01.02"]
[Round "4"]
[White "rumo_a_3200"]
[Black "Gutierrez Olivares, Daniel"]
[Result "0-1"]
[Board "169"]
[TimeControl "180+1"]
[BlackFideId "2264005"]
[WhiteElo "2283"]
[BlackElo "2488"]
[BlackTeam "ESP"]
[WhiteClock "0:00:00"]
[BlackClock "0:01:00"]

1. e4 e6 2. d4 d5 3. Nc3 Bb4 4. e5 Ne7 5. h4 c5 6. a3 Bxc3+ 7. bxc3 Qa5 8. Bd2 Qa4 9. h5 h6 10. Nf3 Nbc6 11. Bd3 c4 12. Be2 Bd7 13. Rh4 O-O-O 14. Rg4 Nf5 15. Nh4 Nxh4 16. Rxh4 Ne7 17. Bg4 f5 18. Bf3 g5 19. hxg6 Nxg6 20. Rh3 f4 21. Ke2 Rdf8 22. Qb1 Be8 23. Qb2 Ne7 24. Rah1 Nf5 25. Bg4 Bg6 26. Bxf5 Bxf5 27. Rxh6 Rhg8 28. R1h2 Bxc2 29. Qb4 f3+ 30. gxf3 Bd3+ 31. Ke3 Qd1 32. Qc5+ Kb8 33. Qd6+ Ka8 0-1

[Event "January 2 Late 2024"]
[Site "https://www.chess.com"]
[Date "2024.01.02"]
[Round "4"]
[White "Alimpic, Aleksa"]
[Black "Eggleston, Thomas A"]
[Result "1-0"]
[Board "170"]
[TimeControl "180+1"]
[WhiteFideId "974323"]
[BlackFideId "412139"]
[WhiteElo "2486"]
[BlackElo "2281"]
[WhiteTeam "SRB"]
[BlackTeam "ENG"]
[WhiteClock "0:00:33"]
[BlackClock "0:00:00"]

1. d4 e6 2. c4 f5 3. Nf3 Nf6 4. Bf4 Be7 5. h3 O-O 6. Nc3 d5 7. e3 Ne4 8. Be2 c6 9. O-O Bd7 10. Rb1 Be8 11. Ne5 Nd7 12. Qc2 Nxe5 13. Bxe5 Bf6 14. Bh2 Qe7 15. b4 g5 16. cxd5 cxd5 17. Nxe4 fxe4 18. Qc7 a6 19. Rfc1 Bc6 20. Qxe7 Bxe7 21. Bg3 Rac8 22. b5 axb5 23. Bxb5 Kf7 24. Bxc6 Rxc6 25. Rxc6 bxc6 26. Rb7 Re8 27. Rc7 Kf8 28. Rxc6 Ra8 29. Rxe6 Rxa2 30. Re5 Ra1+ 31. Kh2 Ra5 32. Rf5+ Ke8 33. Bc7 Rb5 34. g4 Kd7 35. Be5 Ke6 36. Bg3 Rb2 37. Re5+ Kd6 38. Rxg5+ Kc6 39. Rg7 Bd6 40. Kg2 Bxg3 41. Kxg3 Rb1 42. Rxh7 Rg1+ 43. Kh2 Rf1 44. Kg2 Ra1 45. h4 Kd6 46. Rh6+ Ke7 47. h5 Kf7 48. Rd6 Ra5 49. Kg3 Ke7 50. Rb6 Kf7 51. g5 Kg7 52. Rb7+ Kg8 53. g6 Ra6 54. Kg4 Rf6 55. Kg5 1-0

[Event "January 2 Late 2024"]
[Site "https://www.chess.com"]
[Date "2024.01.02"]
[Round "4"]
[White "Gulamali, Kazim"]
[Black "Dylag, Emilia"]
[Result "1-0"]
[Board "171"]
[TimeControl "180+1"]
[WhiteFideId "2024764"]
[BlackFideId "21805172"]
[WhiteElo "2483"]
[BlackElo "2276"]
[WhiteTeam "USA"]
[BlackTeam "POL"]
[WhiteClock "0:01:07"]
[BlackClock "0:01:14"]

1. e4 e5 2. Nc3 Nf6 3. g3 d5 4. exd5 Nxd5 5. Bg2 Nxc3 6. bxc3 Bc5 7. Ne2 O-O 8. O-O Nc6 9. Rb1 Bb6 10. Kh1 Bg4 11. h3 Bh5 12. g4 Bg6 13. f4 exf4 14. Nxf4 Qh4 15. d4 Rae8 16. Nxg6 fxg6 17. Rxf8+ Rxf8 18. Qe2 Qg3 19. Ba3 Rd8 20. Re1 h5 21. Qe6+ Kh7 22. Re3 Qf2 23. Re2 Qf4 24. d5 Na5 25. gxh5 Nc4 26. Qxg6+ Kh8 27. Re8+ Rxe8 28. Qxe8+ Kh7 29. Be4+ Kh6 30. Qg6# 1-0

[Event "January 2 Late 2024"]
[Site "https://www.chess.com"]
[Date "2024.01.02"]
[Round "4"]
[White "Olsson, Linus"]
[Black "Delgado Kuffo, Andres"]
[Result "1-0"]
[Board "172"]
[TimeControl "180+1"]
[WhiteFideId "1706098"]
[BlackFideId "3600475"]
[WhiteElo "2480"]
[BlackElo "2274"]
[WhiteTeam "SWE"]
[BlackTeam "ECU"]
[WhiteClock "0:00:51"]
[BlackClock "0:00:00"]

1. d4 Nf6 2. c4 d6 3. Nf3 g6 4. Nc3 Bg7 5. e4 O-O 6. Be2 c5 7. O-O cxd4 8. Nxd4 Nc6 9. Be3 Nxd4 10. Bxd4 Be6 11. Rc1 Qa5 12. Kh1 Rfc8 13. b3 a6 14. f4 b5 15. f5 Bd7 16. Bxf6 Bxf6 17. Nd5 Bg5 18. Rc3 e6 19. Rg3 Bd8 20. fxg6 hxg6 21. Bh5 Kg7 22. Bxg6 fxg6 23. Qf3 1-0

[Event "January 2 Late 2024"]
[Site "https://www.chess.com"]
[Date "2024.01.02"]
[Round "4"]
[White "Sreyas Payyappat"]
[Black "Bellissimo, Joseph F."]
[Result "0-1"]
[Board "173"]
[TimeControl "180+1"]
[WhiteFideId "46674969"]
[BlackFideId "2609843"]
[WhiteElo "2479"]
[BlackElo "2421"]
[WhiteTeam "IND"]
[BlackTeam "CAN"]
[WhiteClock "0:00:00"]
[BlackClock "0:00:59"]

1. e4 e6 2. d4 d5 3. Nc3 Nf6 4. Bg5 dxe4 5. Nxe4 Be7 6. Bxf6 gxf6 7. Nf3 f5 8. Ned2 c5 9. Nc4 cxd4 10. Nxd4 Nc6 11. Nxc6 bxc6 12. Qf3 Qd5 13. Qc3 O-O 14. Be2 Ba6 15. Rd1 Qe4 16. Qg3+ Kh8 17. f3 Qxc2 18. Qe5+ f6 19. Qf4 Bb4+ 20. Nd2 Bxe2 21. Kxe2 Ba5 22. b4 Bb6 23. Rc1 Qxa2 24. Rxc6 Rad8 25. Rhc1 Qa6+ 26. R1c4 Qb5 27. Qh6 Qe5+ 28. Kd1 Be3 0-1

[Event "January 2 Late 2024"]
[Site "https://www.chess.com"]
[Date "2024.01.02"]
[Round "4"]
[White "Kappeler, Kaspar"]
[Black "Huang, Youhe"]
[Result "0-1"]
[Board "174"]
[TimeControl "180+1"]
[WhiteFideId "1309072"]
[BlackFideId "2629445"]
[WhiteElo "2259"]
[BlackElo "2478"]
[WhiteTeam "SUI"]
[BlackTeam "CAN"]
[WhiteClock "0:00:00"]
[BlackClock "0:00:17"]

1. c4 e5 2. Nc3 Nc6 3. Nf3 f5 4. g3 Nf6 5. Bg2 e4 6. Ng5 Bb4 7. O-O O-O 8. f3 h6 9. Nh3 Qe8 10. Nd5 Bc5+ 11. Kh1 Nxd5 12. cxd5 Nd4 13. fxe4 fxe4 14. e3 Nf3 15. Bxf3 exf3 16. Rxf3 Qe4 17. Kg2 d6 18. Nf2 Qxd5 19. e4 Rxf3 20. exd5 Rxf2+ 21. Kh1 Bh3 22. d4 Bxd4 0-1

[Event "January 2 Late 2024"]
[Site "https://www.chess.com"]
[Date "2024.01.02"]
[Round "4"]
[White "Suvorov, Luca"]
[Black "Burdalev, Kirill"]
[Result "1-0"]
[Board "175"]
[TimeControl "180+1"]
[WhiteFideId "12977071"]
[BlackFideId "14121913"]
[WhiteElo "2478"]
[BlackElo "2259"]
[WhiteTeam "GER"]
[BlackTeam "CZE"]
[WhiteClock "0:01:05"]
[BlackClock "0:01:30"]

1. Nf3 d5 2. g3 c6 3. Bg2 Bg4 4. O-O Nd7 5. d3 e5 6. Nbd2 Ngf6 7. e4 dxe4 8. dxe4 Be7 9. h3 Bh5 10. Qe1 O-O 11. Nh4 Re8 12. Nf5 Bf8 13. a4 a5 14. Nc4 Qc7 15. g4 Bg6 16. Bd2 b6 17. Bc3 Rad8 18. b3 Bc5 19. Rd1 Bxf5 20. exf5 Be3 21. Nxe3 Nc5 22. Rxd8 Rxd8 23. Nc4 Nfd7 24. Bxe5 Qa7 25. Ba1 Nf6 26. Bxf6 gxf6 27. Qc3 Kg7 28. g5 Nd7 29. Rd1 Re8 30. Nd6 Re5 31. gxf6+ Kxf6 32. Nc4 Qc7 33. Rxd7 Qxd7 34. Qxe5+ Kg5 35. f6+ Qf5 36. h4+ Kxh4 37. Qxf5 1-0

[Event "January 2 Late 2024"]
[Site "https://www.chess.com"]
[Date "2024.01.02"]
[Round "4"]
[White "Brejnik, Gustav"]
[Black "Marn, Jan"]
[Result "0-1"]
[Board "176"]
[TimeControl "180+1"]
[WhiteFideId "362662"]
[BlackFideId "14619245"]
[WhiteElo "2258"]
[BlackElo "2478"]
[WhiteTeam "CZE"]
[BlackTeam "SLO"]
[WhiteClock "0:00:12"]
[BlackClock "0:01:00"]

1. b3 d5 2. Bb2 Bf5 3. Nf3 e6 4. d3 Nf6 5. Nh4 Bg6 6. Nd2 Nbd7 7. g3 c6 8. Bg2 Bd6 9. c4 O-O 10. Nxg6 hxg6 11. O-O Qe7 12. e4 dxe4 13. dxe4 e5 14. Qe2 Ne8 15. Rad1 Nc7 16. Nb1 Rad8 17. Nc3 Ne6 18. Nb1 Bc5 19. a3 Bd4 20. Nc3 a5 21. Qc2 Bc5 22. Nb1 Nd4 23. Bxd4 Bxd4 24. h4 Nc5 25. b4 axb4 26. axb4 Ne6 27. c5 g5 28. hxg5 Qxg5 29. Nd2 Qxg3 30. Qb3 Bxf2+ 31. Rxf2 Qxb3 0-1

[Event "January 2 Late 2024"]
[Site "https://www.chess.com"]
[Date "2024.01.02"]
[Round "4"]
[White "Slavin, Alexey"]
[Black "Piscicelli, Daniel Orlando"]
[Result "1-0"]
[Board "177"]
[TimeControl "180+1"]
[WhiteFideId "24104388"]
[BlackFideId "101958"]
[WhiteElo "2250"]
[BlackElo "2472"]
[WhiteTeam "RUS"]
[BlackTeam "ARG"]
[WhiteClock "0:02:18"]
[BlackClock "0:00:34"]

1. e4 e5 2. Nf3 Nc6 3. c3 Nf6 4. d4 exd4 5. e5 Nd5 6. Bc4 Nb6 7. Bb3 dxc3 8. Nxc3 Bc5 9. O-O O-O 10. Ne4 Bb4 11. a3 Be7 12. Bf4 Kh8 13. Nfg5 Bxg5 14. Nxg5 Kg8 15. Qh5 h6 16. Nxf7 Qe7 17. Nxh6+ Kh7 18. Nf5# 1-0

[Event "January 2 Late 2024"]
[Site "https://www.chess.com"]
[Date "2024.01.02"]
[Round "4"]
[White "Kazmaier, Daniel"]
[Black "Doublekk14"]
[Result "1-0"]
[Board "178"]
[TimeControl "180+1"]
[WhiteFideId "2606089"]
[WhiteElo "2461"]
[BlackElo "2246"]
[WhiteTeam "CAN"]
[WhiteClock "0:01:30"]
[BlackClock "0:00:00"]

1. d4 Nf6 2. Bg5 e6 3. c4 d5 4. Nc3 Be7 5. e3 c5 6. dxc5 Bxc5 7. cxd5 exd5 8. Bxf6 Qxf6 9. Qxd5 Nd7 10. Bb5 Bb4 11. Ne2 a6 12. Bxd7+ Bxd7 13. Qxb7 Bxc3+ 14. Nxc3 Bc6 15. Qc7 O-O 16. O-O Rfc8 17. Qf4 Qxf4 18. exf4 Rab8 19. Rab1 a5 20. Rfc1 Rb4 21. g3 Rcb8 22. Nd1 Be4 23. Ra1 Rd4 24. Rc7 h5 25. h4 Rd2 26. Nc3 Bf3 27. b3 1-0

[Event "January 2 Late 2024"]
[Site "https://www.chess.com"]
[Date "2024.01.02"]
[Round "4"]
[White "Bryant, Todd"]
[Black "Bhavikatti, Neil"]
[Result "1/2-1/2"]
[Board "179"]
[TimeControl "180+1"]
[WhiteFideId "2031299"]
[BlackFideId "30935024"]
[WhiteElo "2271"]
[BlackElo "2460"]
[WhiteTeam "USA"]
[BlackTeam "USA"]
[WhiteClock "0:00:10"]
[BlackClock "0:00:05"]

1. e4 e5 2. f4 d5 3. exd5 e4 4. d3 Qxd5 5. Nc3 Bb4 6. Bd2 Bxc3 7. Bxc3 Nf6 8. Bxf6 gxf6 9. dxe4 Qxe4+ 10. Qe2 Qxe2+ 11. Bxe2 Nc6 12. Nf3 O-O 13. O-O-O Be6 14. a3 Rad8 15. Bd3 Bd5 16. Nh4 Rfe8 17. Nf5 Be4 18. Rhe1 Bxf5 19. Bxf5 Rxe1 20. Rxe1 Nd4 21. Bd3 Kg7 22. g3 Rd7 23. Re8 f5 24. c3 Nb3+ 25. Kc2 Na1+ 26. Kb1 Rxd3 27. Kxa1 Rd2 28. Re7 Rxh2 29. Rxc7 Rg2 30. Rxb7 Rxg3 31. c4 Rg1+ 32. Ka2 Rc1 33. Kb3 h5 34. Rd7 h4 35. Rd3 Kg6 36. Kb4 Kh5 37. c5 Kg4 38. Rc3 Rxc3 39. bxc3 h3 40. c6 h2 41. c7 h1=Q 42. c8=Q Qb1+ 43. Kc4 Qe4+ 44. Kb3 Qxf4 45. Qg8+ Kf3 46. Qxf7 Qe4 47. Qxa7 f4 48. a4 Ke2 49. Qa6+ Ke1 50. a5 f3 51. Qh6 Qd5+ 52. Kc2 Qd1+ 53. Kb2 f2 54. Qh4 Qd2+ 55. Kb3 Ke2 56. Qe4+ Kf1 57. Qh1+ Ke2 58. Qe4+ Qe3 59. Qc2+ Kf3 60. Qf5+ Qf4 61. Qd3+ Kg2 62. Qe2 Qf7+ 63. Kb2 Kg1 64. Qg4+ Kf1 65. Qd1+ Kg2 66. Qg4+ Kh2 67. Qh4+ Kg1 68. Qg4+ Kh1 69. Qh4+ Kg2 70. Qg4+ Kf1 71. Qd1+ Kg2 72. Qg4+ 1/2-1/2

[Event "January 2 Late 2024"]
[Site "https://www.chess.com"]
[Date "2024.01.02"]
[Round "4"]
[White "Flynn, Jacob"]
[Black "Guevara Sanchez, Erick Marvin"]
[Result "1-0"]
[Board "180"]
[TimeControl "180+1"]
[WhiteFideId "2509393"]
[BlackFideId "6700136"]
[WhiteElo "2459"]
[BlackElo "2233"]
[WhiteTeam "IRL"]
[BlackTeam "ESA"]
[WhiteClock "0:00:02"]
[BlackClock "0:00:00"]

1. d4 Nf6 2. c4 e6 3. Nf3 b6 4. g3 Bb7 5. Bg2 Be7 6. O-O O-O 7. h4 c5 8. d5 exd5 9. Nh2 d6 10. Nc3 Nbd7 11. cxd5 Re8 12. e4 Bf8 13. Re1 g6 14. Bd2 Bg7 15. Qc2 a6 16. a4 Rc8 17. Nf1 c4 18. Bh3 Ne5 19. Kg2 Nd3 20. Re2 Rc7 21. f3 Bc8 22. Bxc8 Qxc8 23. Be3 Qb7 24. Bd4 Rce7 25. b3 Ne5 26. Bxe5 Rxe5 27. bxc4 Nd7 28. Rb1 Qc7 29. Qb3 R5e7 30. Nd1 Ne5 31. Rc2 Qd7 32. Nfe3 f5 33. exf5 gxf5 34. f4 Ng4 35. Nxg4 fxg4 36. Qd3 Qxa4 37. Nf2 Re3 38. Qf5 Rf3 39. Rd1 Rb3 40. Rdd2 Rb4 41. Qxg4 Rxc4 42. Rxc4 Qxc4 43. Qf3 b5 44. Ng4 Qe4 45. Qxe4 Rxe4 46. Kf3 Rc4 47. Ne3 Rc3 48. Ke4 b4 49. Nf5 Bf8 50. Ra2 b3 51. Rxa6 Rc4+ 52. Kd3 Rb4 53. Ra1 Kf7 54. Ne3 b2 55. Rb1 Kf6 56. Nc4 Kf5 57. Rxb2 Rxb2 58. Nxb2 Kg4 59. Ke4 Kxg3 60. h5 Kg4 61. Nc4 Kxh5 62. Kf5 Kh4 63. Ke6 h5 64. f5 Kg5 65. f6 h4 66. Nd2 h3 67. Kf7 h2 68. Nf3+ Kf5 69. Nxh2 1-0

[Event "January 2 Late 2024"]
[Site "https://www.chess.com"]
[Date "2024.01.02"]
[Round "4"]
[White "Lopusiewicz, Piotr"]
[Black "Jose Iraeta, Alejandro"]
[Result "1-0"]
[Board "181"]
[TimeControl "180+1"]
[WhiteFideId "1116029"]
[BlackFideId "2226537"]
[WhiteElo "2458"]
[BlackElo "2220"]
[WhiteTeam "POL"]
[BlackTeam "ESP"]
[WhiteClock "0:00:21"]
[BlackClock "0:00:39"]

1. d4 d5 2. c4 c6 3. Nf3 Nf6 4. cxd5 cxd5 5. Nc3 e6 6. Bf4 Bd6 7. Bg3 O-O 8. e3 Nc6 9. Bd3 a6 10. Rc1 Re8 11. Bh4 b6 12. Nxd5 exd5 13. Rxc6 Bb7 14. Rc1 Bb4+ 15. Kf1 Qd6 16. a3 Bxa3 17. bxa3 Qxa3 18. Bxf6 gxf6 19. Nh4 Bc8 20. Bf5 Bxf5 21. Nxf5 Kh8 22. g3 Rac8 23. Rxc8 Rxc8 24. Kg2 Qa2 25. Qh5 Qc2 26. Nd6 Rc7 27. Rf1 Qc6 28. Nxf7+ Kg7 29. Nh6 Qe6 30. Nf5+ Kh8 31. g4 Qe4+ 32. f3 Rc2+ 33. Kg3 Qe6 34. Qh6 Qf7 35. Qf4 Rc7 36. Ra1 a5 37. Rb1 Rb7 38. Qd6 h5 39. Rxb6 Rxb6 40. Qxb6 hxg4 41. fxg4 1-0

[Event "January 2 Late 2024"]
[Site "https://www.chess.com"]
[Date "2024.01.02"]
[Round "4"]
[White "Vujacic, Igor"]
[Black "Yushko, Olga"]
[Result "0-1"]
[Board "182"]
[TimeControl "180+1"]
[WhiteFideId "932620"]
[BlackFideId "14114500"]
[WhiteElo "2445"]
[BlackElo "2194"]
[WhiteTeam "MNE"]
[BlackTeam "UKR"]
[WhiteClock "0:00:00"]
[BlackClock "0:00:06"]

1. d4 e6 2. Nf3 f5 3. h3 Nf6 4. Bf4 Be7 5. e3 O-O 6. Bd3 d6 7. g4 Ne4 8. Nbd2 g5 9. Bh2 Nxd2 10. Nxd2 f4 11. exf4 gxf4 12. Qe2 Nc6 13. c3 Bh4 14. O-O-O e5 15. Nf3 exd4 16. Qe4 Rf7 17. Bc4 Ne5 18. Nxe5 dxe5 19. Bxf7+ Kg7 20. Qxh7+ Kxh7 21. Bc4 Qf6 22. f3 Bd7 23. Bg1 Bc6 24. Be2 dxc3 25. bxc3 Rd8 26. Rh2 Rxd1+ 27. Bxd1 e4 28. Bd4 Qe7 29. Bc2 Kh6 30. fxe4 Bxe4 31. Re2 Qa3+ 32. Kb1 Bxc2+ 33. Rxc2 f3 34. Rb2 c5 35. Be3+ Kg6 36. Rb3 Qa6 37. Bxc5 Qf1+ 38. Kb2 Qe2+ 39. Ka3 f2 40. Bxf2 Qxf2 41. Rxb7 Qc5+ 42. Kb2 Qf2+ 43. Ka3 Be7+ 44. Ka4 Qc5 45. Rb3 Qc4+ 46. Ka5 Qc7+ 47. Ka6 Qc6+ 48. Kxa7 Bc5+ 49. Kb8 Qd6+ 50. Kb7 Qd5+ 51. Kc8 Qc6+ 52. Kb8 Bd6+ 53. Ka7 Qc5+ 54. Ka6 Bc7 55. Kb7 Qc4 56. Ka8 Bd6 57. Kb7 Kg5 58. Kb6 Kh4 0-1

[Event "January 2 Late 2024"]
[Site "https://www.chess.com"]
[Date "2024.01.02"]
[Round "4"]
[White "chucksterf10"]
[Black "Keller, Peter"]
[Result "1-0"]
[Board "183"]
[TimeControl "180+1"]
[BlackFideId "1272105"]
[WhiteElo "2443"]
[BlackElo "2212"]
[BlackTeam "GER"]
[WhiteClock "0:00:13"]
[BlackClock "0:00:18"]

1. Nc3 Nf6 2. Nf3 d5 3. d4 c5 4. dxc5 e6 5. e4 Nc6 6. exd5 exd5 7. Bg5 Be6 8. Nd4 Bxc5 9. Bb5 O-O 10. Nxc6 bxc6 11. Bxc6 Bxf2+ 12. Kxf2 Ng4+ 13. Qxg4 Qb6+ 14. Be3 Qxb2 15. Qd4 Rac8 16. Nxd5 Qxc2+ 17. Qd2 Rxc6 18. Ne7+ Kh8 19. Nxc6 Qxc6 20. Rhc1 Qb5 21. Rc5 Qa4 22. Qd4 Qa3 23. Bh6 f6 24. Bf4 h6 25. Rc7 Bg4 26. Rxa7 Qe7 27. Rd7 Qe2+ 28. Kg1 Re8 29. Bxh6 Re4 30. Bxg7+ Kg8 31. Qd2 Qc4 32. Bxf6 Re2 33. Qg5+ Kf8 34. Qg7+ Ke8 35. Rd8# 1-0

[Event "January 2 Late 2024"]
[Site "https://www.chess.com"]
[Date "2024.01.02"]
[Round "4"]
[White "Hoeffer, David"]
[Black "uzkuzk"]
[Result "0-1"]
[Board "185"]
[TimeControl "180+1"]
[WhiteFideId "24606766"]
[WhiteElo "2434"]
[BlackElo "2174"]
[WhiteTeam "GER"]
[WhiteClock "0:00:04"]
[BlackClock "0:00:36"]

1. e4 e5 2. Nf3 f5 3. exf5 e4 4. Ne5 Nf6 5. g4 d6 6. Nc4 d5 7. Ne5 Bd6 8. d4 h5 9. g5 Ng4 10. Nxg4 hxg4 11. Qxg4 g6 12. h4 Bxf5 13. Qe2 Nc6 14. Be3 Qe7 15. Nd2 O-O-O 16. O-O-O Rh5 17. Bh3 Qe6 18. Bxf5 Qxf5 19. Rdg1 Rdh8 20. Qg4 Ne7 21. c4 c6 22. Kc2 Qxg4 23. Rxg4 Nf5 24. Kc3 Nxh4 25. Bf4 Bxf4 26. Rxf4 Nf5 27. Rxh5 Rxh5 28. cxd5 cxd5 29. Nf1 Rxg5 30. f3 Rg1 31. fxe4 dxe4 32. Nd2 e3 33. Nf3 Rd1 34. Re4 Rf1 35. Ng5 Rf2 36. a4 e2 37. b4 Ng3 38. Re5 Rf1 0-1

[Event "January 2 Late 2024"]
[Site "https://www.chess.com"]
[Date "2024.01.02"]
[Round "4"]
[White "Salman, Ilhan Serhat"]
[Black "Porat, Tori"]
[Result "1-0"]
[Board "186"]
[TimeControl "180+1"]
[WhiteFideId "6361579"]
[BlackFideId "30982626"]
[WhiteElo "2434"]
[BlackElo "2173"]
[WhiteTeam "TUR"]
[BlackTeam "USA"]
[WhiteClock "0:01:11"]
[BlackClock "0:00:54"]

1. b3 d5 2. Bb2 c5 3. e3 Nc6 4. Nf3 Nf6 5. Bb5 e6 6. O-O Bd6 7. d4 O-O 8. c4 a6 9. Bxc6 bxc6 10. Nc3 Qc7 11. h3 h6 12. Rc1 cxd4 13. Nxd4 e5 14. Nf3 e4 15. Nd4 Qd8 16. Nxc6 Qe8 17. cxd5 Bb7 18. Na4 Nd7 19. Qd4 f6 20. Rfd1 Ne5 21. Qxe4 Bxc6 22. dxc6 Bc7 23. Bxe5 Bxe5 24. Qc4+ Kh8 25. Nb6 Rd8 26. Rxd8 Qxd8 27. c7 1-0

[Event "January 2 Late 2024"]
[Site "https://www.chess.com"]
[Date "2024.01.02"]
[Round "4"]
[White "Urbina Perez, Juan Antonio"]
[Black "KSho99"]
[Result "1-0"]
[Board "187"]
[TimeControl "180+1"]
[WhiteFideId "2217368"]
[WhiteElo "2433"]
[BlackElo "2167"]
[WhiteTeam "ESP"]
[WhiteClock "0:00:45"]
[BlackClock "0:00:00"]

1. d4 e6 2. Nf3 f5 3. Nc3 Nf6 4. Bg5 Be7 5. Bxf6 Bxf6 6. e4 d5 7. exd5 exd5 8. Qd2 O-O 9. O-O-O c6 10. Kb1 b5 11. Bd3 a5 12. h4 a4 13. Ne2 Qd6 14. Nf4 b4 15. Nh5 b3 16. Nxf6+ Rxf6 17. Rhe1 Rf8 18. c4 bxa2+ 19. Kxa2 Ba6 20. c5 Qc7 21. Ne5 Qb7 22. Qc3 Bxd3 23. Rxd3 Na6 24. Rg3 Rfb8 25. Re2 a3 26. b3 Nb4+ 27. Ka1 Qb5 28. Qe3 Ra7 29. h5 a2 30. h6 g6 31. Nxg6 hxg6 32. Qe6+ Kh7 33. Qxg6+ Kh8 34. Qf6+ Kh7 35. Rg7+ 1-0

[Event "January 2 Late 2024"]
[Site "https://www.chess.com"]
[Date "2024.01.02"]
[Round "4"]
[White "Kovacevic, Radmila"]
[Black "Spichkin, Alexander"]
[Result "1-0"]
[Board "188"]
[TimeControl "180+1"]
[WhiteFideId "933171"]
[BlackFideId "4144074"]
[WhiteElo "2164"]
[BlackElo "2431"]
[WhiteTeam "SRB"]
[BlackTeam "RUS"]
[WhiteClock "0:00:16"]
[BlackClock "0:01:32"]

1. e4 e5 2. d4 exd4 3. Qxd4 Nc6 4. Qe3 Nf6 5. Bd2 Qe7 6. Nc3 g6 7. O-O-O Bg7 8. h3 O-O 9. g4 b6 10. f4 Bb7 11. e5 Ne8 12. Rh2 Qc5 13. Qg3 g5 14. Ne4 gxf4 15. Bxf4 Qa5 16. a3 Nxe5 17. Ng5 Ng6 18. Bd3 Nxf4 19. Bxh7+ Kh8 20. Qh4 Qxg5 21. Qxg5 Kxh7 22. Qxf4 f6 23. Qf5+ Kg8 24. Rxd7 Nd6 25. Qe6+ Kh8 26. Rxc7 Rad8 27. Qe1 Rfe8 28. Re2 Be4 29. Qh4+ Kg8 30. g5 Nf5 31. Qh5 fxg5 32. Qf7+ Kh8 33. Nf3 Rf8 34. Qh5+ Kg8 35. Rxe4 Nd6 36. Nxg5 Nxe4 37. Qh7# 1-0

[Event "January 2 Late 2024"]
[Site "https://www.chess.com"]
[Date "2024.01.02"]
[Round "4"]
[White "Jaque Gutierrez, Matias"]
[Black "th3d4rkness"]
[Result "1-0"]
[Board "189"]
[TimeControl "180+1"]
[WhiteFideId "3426980"]
[WhiteElo "2429"]
[BlackElo "2159"]
[WhiteTeam "CHI"]
[WhiteClock "0:00:02"]
[BlackClock "0:00:00"]

1. Nf3 Nf6 2. c4 c5 3. g3 Nc6 4. Bg2 g6 5. O-O Bg7 6. d4 cxd4 7. Nxd4 O-O 8. Nc3 Ng4 9. e3 Nge5 10. b3 d6 11. h3 Bd7 12. Bb2 Nxd4 13. exd4 Nc6 14. d5 Nb8 15. Re1 a5 16. Qe2 Re8 17. h4 h5 18. Rac1 Bg4 19. Qd2 Nd7 20. Ne4 Ne5 21. Ng5 a4 22. Qf4 Bf6 23. Bxe5 dxe5 24. Qd2 axb3 25. axb3 Qb6 26. c5 Qxb3 27. Rb1 Qa3 28. c6 bxc6 29. dxc6 Rad8 30. Qc2 Bf5 31. Be4 Bxe4 32. Nxe4 Bg7 33. Rec1 Qf3 34. Ng5 Qg4 35. Qb3 e6 36. c7 Rc8 37. Qb5 f6 38. Qxe8+ Rxe8 39. c8=Q Rxc8 40. Rxc8+ Bf8 41. Rbb8 fxg5 42. Rxf8+ Kg7 43. hxg5 Qxg5 44. Rfc8 e4 45. Rb7+ 1-0

[Event "January 2 Late 2024"]
[Site "https://www.chess.com"]
[Date "2024.01.02"]
[Round "4"]
[White "Clarke, Matthew"]
[Black "Federzoni, Enzo"]
[Result "0-1"]
[Board "190"]
[TimeControl "180+1"]
[WhiteFideId "3227804"]
[BlackFideId "2173301"]
[WhiteElo "2139"]
[BlackElo "2426"]
[WhiteTeam "AUS"]
[BlackTeam "BRA"]
[WhiteClock "0:00:00"]
[BlackClock "0:01:20"]

1. d4 Nf6 2. c4 e6 3. g3 d5 4. Bg2 dxc4 5. Nf3 Be7 6. O-O O-O 7. Qc2 c6 8. a4 a5 9. Qxc4 Na6 10. Nc3 Nb4 11. Qb3 b6 12. e4 Ba6 13. Rd1 Rc8 14. Be3 Ng4 15. Bf4 g5 16. Bd2 Nd3 17. Bf1 c5 18. Bxd3 Bxd3 19. h3 cxd4 20. hxg4 dxc3 21. Bxc3 Bc4 22. Qc2 Qc7 23. Rac1 Rfd8 24. Rxd8+ Qxd8 25. Bd4 Ba6 26. Qd2 Rxc1+ 27. Qxc1 h6 28. b3 Be2 29. Bb2 Bxf3 30. Qc3 Qd1+ 0-1

[Event "January 2 Late 2024"]
[Site "https://www.chess.com"]
[Date "2024.01.02"]
[Round "4"]
[White "Torres Hernandez, Leslie Carolin"]
[Black "Suvorov, Alexander"]
[Result "0-1"]
[Board "191"]
[TimeControl "180+1"]
[WhiteFideId "8400504"]
[BlackFideId "12977063"]
[WhiteElo "2096"]
[BlackElo "2424"]
[WhiteTeam "HON"]
[BlackTeam "GER"]
[WhiteClock "0:00:00"]
[BlackClock "0:00:28"]

1. e4 d6 2. d4 Nf6 3. Nc3 Nbd7 4. Be3 e5 5. f3 Be7 6. Bc4 O-O 7. Nge2 c6 8. a4 exd4 9. Nxd4 d5 10. exd5 Nb6 11. Bb3 Nbxd5 12. Nxd5 Nxd5 13. Bf2 Bb4+ 14. c3 Re8+ 15. Kf1 Bc5 16. Qd2 Qf6 17. Rd1 Bb6 18. Bc2 g6 19. h4 h5 20. Be4 Bd7 21. g3 Rad8 22. Kg2 Bc8 23. Qc2 Qg7 24. Rhe1 Nf6 25. Bd3 Qf8 26. b4 Kg7 27. a5 Bc7 28. Qc1 a6 29. Qg5 Rd5 0-1